 Dungeon Crawl Stone Soup version 0.24.0-123-gd5b16e6ec5 (webtiles) character file.

Game seed: 10014261464028167145, levelgen mode: deterministic

628 Amplified the Conjurer (level 7, -1/43 HPs)
             Began as a Tengu Venom Mage on Feb 7, 2020.
             Killed by divine providence
             ... invoked by an orc priest
              (10 damage)
             ... on level 4 of the Dungeon.
             The game lasted 00:09:19 (3984 turns).

Amplified the Conjurer (Tengu Venom Mage)           Turns: 3984, Time: 00:09:20

Health: -1/43      AC:  2    Str:  8    XL:     7   Next: 48%
Magic:  9/22       EV: 12    Int: 17    God:
Gold:   253        SH:  4    Dex: 15    Spells: 8/13 levels left

rFire    . . .     SeeInvis .   j - +2 flail (drain)
rCold    . . .     Gourm    .   b - +0 buckler
rNeg     . . .     Faith    .   a - +0 robe
rPois    .         Spirit   .   f - +0 hat
rElec    .         Reflect  .   (no cloak)
rCorr    .         Harm     .   (no gloves)
MR       .....                  (boots unavailable)
Stlth    ++........             (no amulet)
HPRegen  0.14/turn              g - ring of magical power
MPRegen  0.18/turn              (no ring)

@: very slightly contaminated
A: beak, talons 3, able to fly
a: Fly


You were on level 4 of the Dungeon.
You were very hungry.

You visited 1 branch of the dungeon, and saw 4 of its levels.

You collected 253 gold pieces.

Inventory:

Hand Weapons
 j - a +2 flail of draining (weapon)
Missiles
 l - 26 poisoned darts (quivered)
Armour
 a - a +0 robe (worn)
 b - a +0 buckler (worn)
 f - a +0 hat (worn)
Jewellery
 g - a ring of magical power (left hand)
Scrolls
 c - a scroll of fear
 e - a scroll of identify
 i - a scroll of blinking
 k - a scroll of remove curse
Comestibles
 d - 4 rations


   Skills:
 * Level 4.2 Fighting
 - Level 2.1 Dodging
 - Level 2.0 Stealth
 * Level 2.0 Shields
 + Level 3.5 Spellcasting
 - Level 5.2 Conjurations
 + Level 4.2 Poison Magic


You had 8 spell levels left.
You knew the following spells:

 Your Spells              Type           Power        Failure   Level  Hunger
b - Poisonous Vapours     Pois/Air       ##....       13%         2    ##.....
c - Mephitic Cloud        Conj/Pois/Air  ##......     17%         3    ###....

Your spell library contained the following spells:

 Spells                   Type           Power        Failure   Level  Hunger
 Sting                    Conj/Pois      ###.         3%          1    None
 Olgreb's Toxic Radiance  Pois           ###.....     36%         4    ####...
 Venom Bolt               Conj/Pois      ###.......   63%         5    ######.


Dungeon Overview and Level Annotations

Branches:
Dungeon (4/15)
 Temple: D:4-7

Altars:
Dithmenos
Uskayaw


Innate Abilities, Weirdness & Mutations

You have a beak for a mouth.
You have claws for feet.
You can fly continuously.


Message History

The orc priest invokes the aid of Beogh against you.
Beogh smites you! The orc wizard barely misses you.
Casting: Poisonous Vapours (safe; 13% risk of failure)
Confirm with . or Enter, or press ? or * to list all spells.
Aiming: Poisonous Vapours (safe; 13% risk of failure)
Press: ? - help, Dir - move target cursor, f - orc wizard, p - orc priest
Aim: an orc wizard, wielding a -2 dagger and wearing a +0 robe (lightly wounded, heavily drained) Poisonous vapours surround the orc wizard!
The orc priest invokes the aid of Beogh against you.
Beogh smites you!
* * * LOW HITPOINT WARNING * * *
The orc wizard is engulfed in poison gas.
The orc wizard is poisoned.
The orc wizard completely misses you.
Unknown command.
You aren't carrying any potions.
Unknown command.
Okay, then.
The orc priest calls down the wrath of Beogh upon you.
Beogh smites you!
You die...

### ..# ..# ..#####
......# ......#
....†.#############
............o.o.@.#
......###########.#
############ #.#
#..........# #.#
#..........# #.#
#..........# #.#
#..........# #.#
...........######.#
.....^.....'.....>#


You could see an orc priest and an orc wizard.

Vanquished Creatures
  Sigmund (D:3)
  An ogre (D:4)
  A scorpion (D:4)
  A howler monkey (D:4)
  2 bullfrog skeletons (D:4)
  Ijyb (D:3)
  Terence (D:2)
  An orc wizard (D:3)
  Robin (D:2)
  4 gnolls (D:2)
  3 adders
  A worm (D:1)
  6 leopard geckos
  4 orcs
  8 bats
  4 giant cockroaches
  12 goblins
  11 hobgoblins
  10 jackals
  A quokka (D:4)
  A ball python (D:4)
  4 frilled lizards
  5 kobolds
  6 rats
90 creatures vanquished.

Notes
Turn   | Place    | Note
-------+----------+-------------------------------------------
     0 | D:1      | Amplified the Tengu Venom Mage began the quest for the Orb.
     0 | D:1      | Reached XP level 1. HP: 10/10 MP: 4/4
   216 | D:1      | Reached skill level 2 in Conjurations
   216 | D:1      | Reached XP level 2. HP: 10/16 MP: 1/6
   291 | D:1      | Learned a level 2 spell: Poisonous Vapours
   505 | D:1      | Reached skill level 1 in Fighting
   786 | D:1      | Reached XP level 3. HP: 13/20 MP: 3/7
  1554 | D:2      | Noticed Terence
  1572 | D:2      | Killed Terence
  1572 | D:2      | Reached skill level 3 in Conjurations
  1572 | D:2      | Reached XP level 4. HP: 6/26 MP: 8/8
  1791 | D:3      | Noticed Ijyb
  1820 | D:3      | Noticed Sigmund
  2189 | D:2      | Gained mutation: You can fly continuously. [Tengu growth]
  2189 | D:2      | Reached XP level 5. HP: 8/30 MP: 9/9
  2383 | D:2      | Reached skill level 4 in Conjurations
  2388 | D:2      | Learned a level 3 spell: Mephitic Cloud
  2522 | D:2      | Found a hide-covered altar of Uskayaw.
  2701 | D:2      | Noticed Robin
  2705 | D:2      | Killed Robin
  2940 | D:3      | Killed Sigmund
  2940 | D:3      | Reached skill level 5 in Conjurations
  2940 | D:3      | Reached XP level 6. HP: 37/37 MP: 11/11
  3277 | D:3      | Killed Ijyb
  3352 | D:4      | Found a shadowy altar of Dithmenos.
  3610 | D:4      | Reached XP level 7. HP: 36/42 MP: 12/12
  3810 | D:4      | Reached skill level 1 in Shields
  3984 | D:4      | Killed from afar by an orc priest

Levels and vault maps discovered:
D:1:      psy_arrival_conway, layout_loops_ring, kennysheep_nondescript
D:2:      layout_loops_cross, nicolae_overflow_hidden_temple, uniq_robin,
          uniq_terence
D:3:      layout_loops_cross, first_ration, uniq_sigmund, uniq_ijyb
D:4:      layout_basic, lemuel_coloured_pillars_altar,
          nicolae_dithmenos_through_a_glass_darkly, uniq_crazy_yiuf_cottage

Skill      XL: |  1  2  3  4  5  6  7 |
---------------+----------------------+-----
Conjurations   | 2 3 5 |  5.2
Fighting       | 1 2 3 4 |  4.2
Spellcasting   | 3 |  3.5
Poison Magic   | 4 |  4.2
Shields        | 2 |  2.0
Dodging        | |  2.1
Stealth        | |  2.0

Action                   |  1- 3 |  4- 6 |  7- 9 || total
-------------------------+-------+-------+-------++-------
Melee: Unarmed           |     8 |       |       ||     8
       Whip              |    22 |    34 |       ||    56
       Peck              |     3 |     9 |     4 ||    16
       Kick              |     4 |    14 |     6 ||    24
       Flail             |       |    50 |    25 ||    75
Throw: Dart              |       |       |     1 ||     1
 Cast: Sting             |    28 |     1 |       ||    29
       Poisonous Vapours |    17 |    26 |     9 ||    52
Evoke: Wand              |       |    13 |       ||    13
  Use: Scroll            |     2 |     8 |       ||    10
       Potion            |       |     3 |     1 ||     4
 Stab: Sleeping          |     1 |     1 |     1 ||     3
  Eat: Chunk             |     1 |     7 |     1 ||     9
       Ration            |     1 |       |       ||     1
Armor: Robe              |    13 |    28 |     2 ||    43
Dodge: Dodged            |    43 |    96 |    14 ||   153
Block: Buckler           |       |       |     7 ||     7
